 Dungeon Crawl Stone Soup version 0.18.1-50-g88ac8fd (webtiles) character file.

217 go0n the Skirmisher (level 5, -4/50 HPs)
             Began as a Minotaur Fighter on Sept 16, 2016.
             Was a Follower of Qazlal.
             Slain by Grinder (7 damage)
             ... on level 3 of the Dungeon.
             The game lasted 00:09:58 (2593 turns).

go0n the Skirmisher (Minotaur Fighter)              Turns: 2593, Time: 00:10:00

Health: -4/50      AC: 11    Str: 21    XL:     5   Next: 62%
Magic:  4/4        EV:  4    Int:  3    God:    Qazlal [*.....]
Gold:   151        SH: 11    Dex: 10    Spells: 0 memorised, 4 levels left

rFire  . . .     SeeInvis .     a - +1 long sword
rCold  . . .     Gourm    .     e - +0 plate armour
rNeg   . . .     Faith    .     c - +0 shield
rPois  .         Spirit   .     (helmet restricted)
rElec  .         Dismiss  .     (no cloak)
rCorr  .         Reflect  .     (no gloves)
SustAt .         Harm     .     (no boots)
MR     .....                    (no amulet)
Stlth  ..........               (no ring)
                                k - -2 ring of intelligence (curse)

@: lethally poisoned (-4 -> -21), not resistant to hostile enchantments,
extremely unstealthy
A: retaliatory headbutt, horns 2
a: Renounce Religion


You were on level 3 of the Dungeon.
You worshipped Qazlal.
Qazlal was aware of your devotion.
You were hungry.

You visited 1 branch of the dungeon, and saw 3 of its levels.

You collected 151 gold pieces.

Inventory:

Hand Weapons
 a - a +1 long sword (weapon)
 r - a +4 dagger
 w - a +0 rapier
Armour
 b - a +0 scale mail
 c - a +0 shield (worn)
 e - a +0 plate armour (worn)
 s - a +0 animal skin
Jewellery
 k - a cursed -2 ring of intelligence (left hand)
Scrolls
 j - 2 scrolls of teleportation
 m - 2 scrolls of enchant weapon
 x - a scroll of identify
Potions
 d - 3 potions of might
 l - 3 potions of brilliance
 n - a potion of invisibility {unknown}
 o - a potion of beneficial mutation {unknown}
 p - a potion of cancellation {unknown}
 q - a potion of degeneration {unknown}
 u - a potion of haste {unknown}
 v - a potion of curing {unknown}
Comestibles
 f - 4 bread rations
 g - 3 fruits
 h - a beef jerky
 i - a meat ration


   Skills:
 + Level 5.9 Fighting
 + Level 5.2 Long Blades
 - Level 3.7 Armour
 - Level 3.7 Shields


You had 4 spell levels left.
You didn't know any spells.

Dungeon Overview and Level Annotations

Branches:
Dungeon (3/15)

Altars:
Qazlal
Trog

Annotations:
D:3 Grinder


Innate Abilities, Weirdness & Mutations

You reflexively headbutt those who attack you in melee.
You have a pair of horns on your head.


Message History

You closely miss the scorpion.
The scorpion is heavily wounded.
You feel sick. The scorpion stings you.
* * * LOW HITPOINT WARNING * * *
You are lethally poisoned!
The scorpion poisons you! The scorpion barely misses you.
You slash the scorpion!
You headbutt the scorpion, but do no damage.
The scorpion is almost dead.
* * * LOW HITPOINT WARNING * * *
You feel sick.
Grinder blinks!
The scorpion stings you.
* * * LOW HITPOINT WARNING * * *
You slash the scorpion!
You kill the scorpion!
Qazlal accepts your kill.
Your Long Blades skill increases to level 5!
* * * LOW HITPOINT WARNING * * *
You feel very sick. Grinder hits you!
You die...

###...####'###.#..##.####..
.......................... #
#.....###.#.........##....
#.#.###.###.#.#.#..##.##....
..........(.................
#..................##.......
..)........§................
#.#.##.†.##)#.###.######..#.
..........#@#...............
..#.##.(...5#.#####('####...
..............##≈≈≈(.≈≈≈###.
....#.......###≈≈≈≈..≈≈≈≈##.
............##≈≈≈≈≈†.≈≈≈≈≈##
....##....###≈≈≈≈≈≈..†≈≈≈≈≈#
..........# ≈≈≈≈≈≈≈..≈≈≈≈≈≈≈
..< ....#.# ≈≈≈≈≈≈≈..≈≈≈≈≈≈≈
?. ###.#.# ≈≈≈≈≈≈≈..≈≈≈≈≈≈≈


You could see Grinder.

Vanquished Creatures
  A scorpion (D:3)
  Robin (D:3)
  4 adders
  4 gnolls (D:2)
  2 worms
  A dart slug (D:1)
  2 giant geckos (D:1)
  An orc (D:3)
  A ball python (D:2)
  3 bats
  2 giant cockroaches
  14 goblins
  11 hobgoblins
  6 jackals (D:1)
  5 kobolds
  3 giant newts
  9 rats
70 creatures vanquished.

Notes
Turn   | Place    | Note
--------------------------------------------------------------
     0 | D:1      | go0n the Minotaur Fighter began the quest for the Orb.
     0 | D:1      | Reached XP level 1. HP: 19/19 MP: 0/0
   128 | D:1      | Reached XP level 2. HP: 21/27 MP: 1/1
   616 | D:1      | Reached XP level 3. HP: 34/34 MP: 2/2
  1360 | D:2      | Found a stormy altar of Qazlal.
  1366 | D:2      | Became a worshipper of Qazlal Stormbringer
  1570 | D:2      | Reached XP level 4. HP: 24/41 MP: 3/3
  1820 | D:2      | Found a bloodstained altar of Trog.
  1873 | D:2      | Reached skill level 5 in Fighting
  2235 | D:3      | Noticed Robin
  2262 | D:3      | Killed Robin
  2262 | D:3      | Reached XP level 5. HP: 39/48 MP: 4/4
  2358 | D:3      | Reached * piety under Qazlal
  2562 | D:3      | Noticed Grinder
  2568 | D:3      | Paralysed by Grinder for 2 turns
  2576 | D:3      | Paralysed by Grinder for 5 turns
  2593 | D:3      | Reached skill level 5 in Long Blades
  2593 | D:3      | Slain by Grinder

Skill      XL: |  1  2  3  4  5 |
---------------+----------------+-----
Fighting       | 4 5 |  5.9
Long Blades    | 3 4 5 |  5.2
Armour         | |  3.7
Shields        | |  3.7

Action                   |  1- 3 |  4- 6 || total
-------------------------+-------+-------++-------
Melee: Long sword        |   106 |    98 ||   204
       Headbutt          |     9 |    21 ||    30
  Use: Scroll            |       |     3 ||     3
  Eat: Chunk             |     2 |     3 ||     5
Armor: Scale mail        |    21 |       ||    21
       Plate armour      |    52 |    43 ||    95
Dodge: Dodged            |    27 |    21 ||    48
Block: Shield            |    66 |    50 ||   116
